 Dungeon Crawl Stone Soup version 0.21.1-1-g345015fe64 (webtiles) character file.

91 Mrkan the Cudgeler (level 4, -8/28 HPs)
             Began as a Gargoyle Fighter on May 10, 2018.
             Killed by divine providence
             ... invoked by an orc priest
              (14 damage)
             ... on level 3 of the Dungeon.
             The game lasted 00:03:07 (1825 turns).

Mrkan the Cudgeler (Gargoyle Fighter)               Turns: 1825, Time: 00:03:07

Health: -8/28      AC: 16    Str: 20    XL:     4   Next: 59%
Magic:  4/4        EV:  3    Int:  8    God:
Gold:   87         SH:  9    Dex: 10    Spells: 3/3 levels left

rFire    . . .     SeeInvis .   a - +0 flail
rCold    . . .     Gourm    .   c - +0 shield
rNeg     + . .     Faith    .   i - +0 plate armour
rPois    ∞         Spirit   .   (no helmet)
rElec    +         Reflect  .   k - +0 cloak
rCorr    .         Harm     .   (no gloves)
MR       .....                  (no boots)
Stlth    ..........             (no amulet)
HPRegen  0.09/turn              (no ring)
MPRegen  0.09/turn              (no ring)

@: starving
A: negative energy resistance 1, electricity resistance, unbreathing,
petrification resistance, rot immunity, AC +3
a: no special abilities


You were on level 3 of the Dungeon.
You were starving.

You visited 1 branch of the dungeon, and saw 3 of its levels.

You collected 87 gold pieces.

Inventory:

Hand Weapons
 a - a +0 flail (weapon)
Armour
 c - a +0 shield (worn)
 i - a +0 plate armour (worn)
 k - a +0 cloak (worn)
Wands
 d - a wand of polymorph (11)
Scrolls
 e - a scroll of remove curse {unknown}
 g - a scroll of enchant armour {unknown}
 n - 2 scrolls of identify {unknown}
 o - a scroll of immolation {unknown}
Potions
 b - a potion of magic {unknown}
 h - 2 potions of invisibility {unknown}
 j - a potion of agility {unknown}
 l - 2 potions of curing {unknown}
 m - a potion of heal wounds {unknown}
 p - a potion of flight {unknown}
Comestibles
 f - 9 rations


   Skills:
 - Level 3.2 Fighting
 * Level 4.6 Maces & Flails
 - Level 3.2 Armour
 - Level 3.2 Shields


You had 3 spell levels left.
You didn't know any spells.

Dungeon Overview and Level Annotations

Branches:
Dungeon (3/15)

Altars:


Innate Abilities, Weirdness & Mutations

You are resistant to torment.
Your stone body is resilient. (AC +3)
You are immune to poison.
You resist negative energy. (rN+)
You are resistant to electric shocks. (rElec)
You can survive without breathing.
You are immune to petrification.
You are immune to rotting.


Message History

* * * LOW HITPOINT WARNING * * *
You block the adder's attack.
Your plate armour prevents you from hitting the adder.
The adder is lightly wounded.
The adder bites you but does no damage. You block the adder's attack.
Your shield and plate armour prevent you from hitting the adder.
The adder is lightly wounded.
The adder bites you but does no damage.
The orc priest looks satisfied for a moment.
The adder bites you but does no damage.
You barely miss the adder.
The adder is lightly wounded.
The adder bites you but does no damage.
You miss the adder.
The adder is lightly wounded.
You block the adder's attack. The adder bites you but does no damage.
The orc priest invokes the aid of Beogh against you.
Beogh smites you!
Ouch! That really hurt!
You die...

###..### #...o..#
#......# #......#
#......# ###.o### . #..#
.. #.o############
..########.ooooS@.......
#.........############.
#.........'....#
#.........####.#
#.....)...# #.#
#.........# #.#
##...(##### #.# #....#
#.# #....# #.#


You could see an orc priest, an adder and 4 orcs.

Vanquished Creatures
  Jessica (D:2)
  3 adders (D:2)
  An ooze (D:2)
  An orc (D:3)
  A giant cockroach (D:2)
  6 goblins
  6 hobgoblins
  A ball python (D:2)
  A bat (D:1)
  4 frilled lizards
  4 kobolds
  9 rats
38 creatures vanquished.

Notes
Turn   | Place    | Note
-------+----------+-------------------------------------------
     0 | D:1      | Mrkan the Gargoyle Fighter began the quest for the Orb.
     0 | D:1      | Reached XP level 1. HP: 14/14 MP: 1/1
   277 | D:1      | Reached XP level 2. HP: 18/19 MP: 2/2
   818 | D:2      | Reached skill level 3 in Maces & Flails
   968 | D:2      | Reached XP level 3. HP: 21/23 MP: 3/3
  1074 | D:2      | Noticed Jessica
  1129 | D:2      | Reached skill level 4 in Maces & Flails
  1133 | D:2      | Reached XP level 4. HP: 7/28 MP: 4/4
  1134 | D:2      | Killed Jessica
  1825 | D:3      | Killed from afar by an orc priest

Skill      XL: |  1  2  3 |
---------------+----------+-----
Maces & Flails | 3 4 |  4.6
Fighting       | |  3.2
Armour         | |  3.2
Shields        | |  3.2

Action                   |  1- 3 |  4- 6 || total
-------------------------+-------+-------++-------
Melee: Flail             |   147 |    53 ||   200
       Unarmed           |     9 |       ||     9
  Use: Potion            |     1 |       ||     1
  Eat: Chunk             |     1 |       ||     1
Armor: Scale mail        |    17 |       ||    17
       Plate armour      |   102 |    44 ||   146
       Skin              |     5 |       ||     5
Dodge: Dodged            |    34 |     7 ||    41
Block: Shield            |    81 |    31 ||   112
